 Dungeon Crawl Stone Soup version 0.20-a0-854-g0cc194a (webtiles) character file.

16718 Vedraith the Basher (level 12, -2/76 HPs)
             Began as a Gargoyle Fighter on Mar 11, 2017.
             Was a High Priest of Okawaru.
             Impaled on a porcupine's spines (17 damage)
             ... on level 11 of the Dungeon.
             The game lasted 00:31:54 (11365 turns).

Vedraith the Basher (Gargoyle Fighter)             Turns: 11365, Time: 00:31:55

Health: -2/76      AC: 22    Str: 24    XL:     12   Next: 40%
Magic:  15/15      EV: 10    Int: 10    God:    Okawaru [*****.]
Gold:   431        SH: 18    Dex: 12    Spells: 11/11 levels left

rFire    . . .     SeeInvis .   q - +1 morningstar
rCold    . . .     Gourm    .   v - +1 chain mail "Loti" {rCorr Dex+3}
rNeg     + . .     Faith    .   c - +1 shield
rPois    ∞         Spirit   .   (no helmet)
rElec    +         Reflect  +   (no cloak)
rCorr    +         Harm     .   (no gloves)
MR       .....     Rnd*Tele +   i - +0 pair of boots (curse)
Stlth    ..........             g - +5 amulet of reflection
Regen    0.3/turn               D - ring of teleportation (curse)
MPRegen  0.2/turn               A - +3 ring of evasion (curse)

@: no status effects
A: negative energy resistance 1, electricity resistance, unbreathing,
petrification resistance, rot immunity, AC +8
a: Heroism, Finesse, Renounce Religion


You were on level 11 of the Dungeon.
You worshipped Okawaru.
Okawaru was extremely pleased with you.
You were not hungry.

You visited 2 branches of the dungeon, and saw 12 of its levels.

You collected 669 gold pieces.
You spent 238 gold pieces at shops.

Inventory:

Hand Weapons
 q - a +1 morningstar (weapon)
 F - the +8 bow of Krishna "Sharnga" {speed, Dex+3 SInv}
   (Okawaru gifted it to you on level 10 of the Dungeon)

   Attacks with this weapon are significantly faster.
   It affects your dexterity (+3).
   It lets you see invisible.
Armour
 c - a +1 shield (worn)
 i - a cursed +0 pair of boots (worn)
 o - a +2 pair of boots
 v - the +1 chain mail "Loti" (worn) {rCorr Dex+3}
   (You bought it in a shop on level 4 of the Dungeon)

   It affects your dexterity (+3).
   It protects you from acid and corrosion.
Jewellery
 g - a +5 amulet of reflection (around neck)
 s - an uncursed ring of ice
 A - a cursed +3 ring of evasion (left hand)
 D - a cursed ring of teleportation (right hand)
Wands
 t - a wand of lightning (6/15)
 y - a wand of paralysis (15/24)
 E - a wand of disintegration (18/24)
Scrolls
 b - a scroll of fear
 d - 2 scrolls of enchant weapon
 k - a scroll of amnesia
 w - 3 scrolls of enchant armour
 H - a scroll of teleportation
 K - a scroll of identify
Potions
 a - a potion of mutation {unknown}
 e - 2 potions of heal wounds
 j - 3 potions of lignification {unknown}
 l - 2 potions of flight
 m - 2 potions of agility {unknown}
 n - 3 potions of curing
 r - 2 potions of cancellation {unknown}
 x - a potion of degeneration {unknown}
 C - a potion of invisibility {unknown}
 J - a potion of magic {unknown}
Books
 u - a book of Necromancy

   Spells                             Type                      Level
   a - Pain                           Necromancy                   1
   b - Animate Skeleton               Necromancy                   1
   c - Vampiric Draining              Necromancy                   3
   d - Regeneration                   Charms/Necromancy            3
   e - Animate Dead                   Necromancy                   4
   f - Control Undead                 Necromancy                   4
 B - a Young Poisoner's Handbook

   Spells                             Type                      Level
   a - Sting                          Conjuration/Poison           1
   b - Poisonous Vapours              Poison/Air                   2
   c - Mephitic Cloud                 Conjuration/Poison/Air       3
   d - Olgreb's Toxic Radiance        Poison                       4
   e - Venom Bolt                     Conjuration/Poison           5
 I - a book of Callings

   Spells                             Type                      Level
   a - Summon Small Mammal            Summoning                    1
   b - Call Imp                       Summoning                    2
   c - Call Canine Familiar           Summoning                    3
   d - Summon Guardian Golem          Hexes/Summoning              3
   e - Summon Lightning Spire         Summoning/Air                4
   f - Summon Ice Beast               Ice/Summoning                4
Comestibles
 f - 5 bread rations
 h - 7 royal jellies
 p - 5 meat rations
 z - 4 fruits
 G - 11 chunks of flesh


   Skills:
 + Level 9.4 Fighting
 + Level 12.5 Maces & Flails
 + Level 9.5 Armour
 * Level 10.8 Shields
 + Level 5.2 Invocations


You had 11 spell levels left.
You didn't know any spells.

Dungeon Overview and Level Annotations

Branches:
Dungeon (11/15)            Temple (1/1) D:5             Orc (0/2) D:10
   Lair: D:8-11

Altars:
Ashenzari
Cheibriados
Dithmenos
Elyvilon
Fedhas
Gozag
Hepliaklqana
Kikubaaqudgha
Makhleb
Nemelex Xobeh
Okawaru
Qazlal
Ru
Sif Muna
Trog
Uskayaw
Vehumet
Xom
Yredelemnul
Zin
The Shining One

Shops:
D:4 (*(


Innate Abilities, Weirdness & Mutations

You are resistant to torment.
Your stone body is resilient. (AC +8)
You are immune to poison.
You resist negative energy. (rN+)
You are resistant to electric shocks. (rElec)
You can survive without breathing.
You are immune to petrification.
You are immune to rotting.


Message History

Beogh smites you!
* * * LOW HITPOINT WARNING * * *
The orc hits you but does no damage.
The orc priest casts a cantrip, but nothing happens.
There is a stone staircase leading down here.
You can't go up here!
You stop descending the stairs.
You are suddenly yanked towards some nearby monsters!
Your surroundings suddenly seem different.
A bullfrog comes into view.
The bullfrog gives a loud, deep croak!
You block the porcupine's attack.
Found a ring mail.
A porcupine and an orc wizard come into view.
You impale the orc wizard!!
You kill the orc wizard!
Okawaru accepts your kill. You block the porcupine's attack.
You are struck by the porcupine's spines.
You die...

. .. .P.#
.[.F.########..
P.PP..........#
.P..P..@)......
PPP...r........
PPP.....####...
PP......# .
P..P.P.##


PPPP.P. PPP..P. ...P... o....#### ... You could see a bullfrog and a porcupine.

Vanquished Creatures
  4 two-headed ogres
  Nergalle (D:11)
  An unseen horror (D:10)
  3 orc knights (D:10)
  An orc sorcerer (D:10)
  The ghost of derval the Slicer, a novice SpEn (D:5)
  A kobold demonologist (D:8)
  A troll (D:10)
  2 hornets
  A wyvern (D:9)
  A human (D:9)
  4 yaks (D:11)
  4 hogs (D:9)
  4 hungry ghosts
  14 wargs
  2 ice beasts
  8 ogres
  A sky beast (D:9)
  3 black bears
  9 orc warriors
  3 phantoms
  A necrophage (D:5)
  4 centaurs
  A crocodile (D:11)
  5 bullfrogs
  14 big kobolds
  A gnoll sergeant (D:11)
  2 wyvern zombies
  A scorpion (D:9)
  A water moccasin skeleton (D:9)
  11 killer bees
  2 howler monkeys
  A bullfrog zombie (D:10)
  5 crimson imps
  6 hounds
  2 quasits
  7 orc priests
  2 jellies
  5 orc wizards
  A centaur skeleton (D:5)
  3 iguanas
  10 worker ants
  6 ogre zombies (D:10)
  3 worker ant zombies
  Robin (D:4)
  A howler monkey zombie (D:9)
  7 adders
  13 gnolls
  A howler monkey skeleton (D:5)
  2 shadow imps (D:9)
  4 worms
  2 dart slugs (D:1)
  6 leopard geckos
  80 orcs
  4 giant cockroaches
  9 goblins
  14 hobgoblins
  12 jackals
  3 quokkas
  5 bats
  6 frilled lizards
  A goblin skeleton (D:10)
  4 goblin zombies (D:10)
  A hobgoblin zombie (D:10)
  27 kobolds
  A leopard gecko skeleton (D:5)
  An orc skeleton (D:10)
  12 orc zombies (D:10)
  A quokka skeleton (D:6)
  10 rats
391 creatures vanquished.

Vanquished Creatures (others)
  A centaur (D:8)
  An orc (D:5)
  11 fungi (D:11)
  4 plants (D:11)
17 creatures vanquished.

Grand Total: 408 creatures vanquished

Notes
Turn   | Place    | Note
-------+----------+-------------------------------------------
     0 | D:1      | Vedraith the Gargoyle Fighter began the quest for the Orb.
     0 | D:1      | Reached XP level 1. HP: 14/14 MP: 1/1
    85 | D:1      | Reached XP level 2. HP: 18/19 MP: 2/2
   190 | D:1      | Reached skill level 3 in Maces & Flails
   420 | D:1      | Reached XP level 3. HP: 23/23 MP: 3/3
  1222 | D:2      | Found a stormy altar of Qazlal.
  1265 | D:2      | Reached skill level 4 in Maces & Flails
  1606 | D:2      | Reached XP level 4. HP: 28/28 MP: 4/4
  1791 | D:3      | Found a white marble altar of Elyvilon.
  1852 | D:3      | Found a hazy altar of Hepliaklqana.
  2240 | D:3      | Found a glowing silver altar of Zin.
  2321 | D:3      | Reached skill level 5 in Maces & Flails
  2327 | D:3      | Reached XP level 5. HP: 29/32 MP: 5/5
  2951 | D:4      | Reached skill level 6 in Maces & Flails
  2951 | D:4      | Reached XP level 6. HP: 37/37 MP: 6/6
  2988 | D:4      | Found Zagaon's Weapon Shoppe.
  2996 | D:4      | Bought a +0 morningstar for 48 gold pieces
  3163 | D:4      | Found a shattered altar of Ashenzari.
  3249 | D:4      | Noticed Robin
  3284 | D:4      | Killed Robin
  3309 | D:4      | Reached skill level 7 in Maces & Flails
  3331 | D:4      | Found Norghata's Antique Weapon Emporium.
  3359 | D:4      | Reached XP level 7. HP: 35/41 MP: 7/7
  3480 | D:4      | Found Apagacs's Assorted Antiques.
  3488 | D:4      | Bought a ruby-encrusted chain mail for 190 gold pieces
  3498 | D:4      | Identified the +1 chain mail "Loti" {rCorr Dex+3} (You bought it in a shop on level 4 of the Dungeon)
  3549 | D:5      | Entered Level 5 of the Dungeon
  3764 | D:5      | Noticed derval's ghost (novice SpEn)
  3765 | D:5      | Found a staircase to the Ecumenical Temple.
  3784 | D:5      | Reached skill level 8 in Maces & Flails
  3872 | D:5      | Killed derval's ghost
  3872 | D:5      | Reached skill level 9 in Maces & Flails
  3872 | D:5      | Reached XP level 8. HP: 34/46 MP: 8/8
  3884 | Temple   | Entered the Ecumenical Temple
  4302 | D:5      | Found a hide-covered altar of Uskayaw.
  4713 | D:6      | Reached skill level 10 in Maces & Flails
  4921 | D:6      | Found an iron altar of Okawaru.
  4930 | D:6      | Found a basalt altar of Yredelemnul.
  4936 | D:6      | Became a worshipper of Warmaster Okawaru
  5233 | D:7      | Found a radiant altar of Vehumet.
  5323 | D:7      | Reached XP level 9. HP: 49/52 MP: 9/9
  6014 | D:8      | Reached skill level 5 in Fighting
  6019 | D:8      | Noticed a two-headed ogre
  6031 | D:8      | Killed a two-headed ogre
  6031 | D:8      | Reached * piety under Okawaru
  6031 | D:8      | Reached skill level 5 in Armour
  6031 | D:8      | Reached skill level 5 in Shields
  6298 | D:8      | Noticed a kobold demonologist
  6305 | D:8      | Killed a kobold demonologist
  6365 | D:8      | Reached ** piety under Okawaru
  6365 | D:8      | Reached skill level 11 in Maces & Flails
  6377 | D:8      | Reached XP level 10. HP: 45/61 MP: 10/10
  7096 | D:8      | Found a blossoming altar of Fedhas.
  7316 | D:9      | Noticed a two-headed ogre
  7321 | D:9      | Killed a two-headed ogre
  7321 | D:9      | Reached *** piety under Okawaru
  7336 | D:9      | Noticed a two-headed ogre
  7361 | D:9      | Killed a two-headed ogre
  7364 | D:9      | Reached **** piety under Okawaru
  7705 | D:9      | Reached skill level 1 in Invocations
  7705 | D:9      | Reached XP level 11. HP: 63/68 MP: 11/11
  8022 | D:9      | Noticed a two-headed ogre
  8040 | D:9      | Killed a two-headed ogre
  8304 | D:9      | Reached ***** piety under Okawaru
  8382 | D:9      | Reached skill level 12 in Maces & Flails
  8554 | D:10     | Entered Level 10 of the Dungeon
  8829 | D:10     | Noticed an orc knight
  8847 | D:10     | Killed an orc knight
  8847 | D:10     | Received a gift from Okawaru
  8851 | D:10     | Noticed an orc knight
  9238 | D:10     | Noticed an orc knight
 10111 | D:10     | Killed an orc knight
 10152 | D:10     | Found a staircase to the Orcish Mines.
 10245 | D:10     | Reached skill level 10 in Shields
 10276 | D:10     | Reached XP level 12. HP: 75/75 MP: 15/15
 11193 | D:11     | Reached skill level 5 in Invocations
 11235 | D:11     | Noticed Nergalle
 11279 | D:11     | Killed Nergalle
 11365 | D:11     | Impaled on a porcupine's spines

Vault maps used:
D:1:      onia_arrival_larder
D:2:      first_bread, nicolae_qazlal_general_emergency
D:3:      lemuel_crystal_altar, nicolae_overflow_crystal_walls,
          grunt_ministairs_12, elyvilon_altar_4
D:4:      evilmike_ruin_ashenzari, serial_shops, shop, shop_fountains, shop,
          uniq_robin
D:5:      lemuel_round_altar, minmay_temple_entry_crystal_x
D:6:      chequers_temple_overflow_statue_of_worship,
          nicolae_overflow_hidden_temple
D:7:      fiery_altar_vehumet
D:8:      special_room, basic_altar, grunt_ministairs_7
D:9:      minmay_four_partial_circles, grunt_livestock
D:10:     lemuel_castle_with_subvaults, zombieorc1_lemuel
D:11:     due_lair_maze_entry_diamond, uniq_nergalle, uniq_snorg
Temple:   jpeg_temple_clearing

Skill      XL: |  1  2  3  4  5  6  7  8  9 10 11 12 |
---------------+-------------------------------------+-----
Maces & Flails | 3 4 5 6 7 9 10 11 12 | 12.5
Fighting       | 4 6 7 8 9 |  9.4
Armour         | 4 6 7 9 |  9.5
Shields        | 4 6 8 10 | 10.8
Invocations    | 1 4 5 |  5.2

Action                   |  1- 3 |  4- 6 |  7- 9 | 10-12 || total
-------------------------+-------+-------+-------+-------++-------
Melee: Flail             |   142 |   155 |       |       ||   297
       Morningstar       |       |    57 |   382 |  1084 ||  1523
Invok: Heroism           |       |       |       |     6 ||     6
  Use: Scroll            |     6 |     2 |     4 |     6 ||    18
       Potion            |     2 |       |     1 |     2 ||     5
  Eat: Chunk             |     2 |     2 |     8 |    16 ||    28
       Bread ration      |       |     1 |     1 |     1 ||     3
       Royal jelly       |       |       |     1 |       ||     1
       Meat ration       |       |       |       |     1 ||     1
Armor: Scale mail        |    67 |   111 |       |       ||   178
       Chain mail        |       |       |   180 |   327 ||   507
Dodge: Dodged            |    40 |    75 |    87 |   237 ||   439
Block: Shield            |    75 |   165 |   305 |   964 ||  1509
       Reflection        |       |       |     8 |    31 ||    39
